 Dungeon Crawl Stone Soup version 0.31-a0-997-g9a2f3ff (webtiles) character file.

Game seed: 11601655863792073577

37 PurpleRed the Sneak (level 3, 0/22 HPs)
             Began as a Deep Elf Delver on Nov 7, 2023.
             Was an Initiate of Vehumet.
             Succumbed to a kobold's poison
             ... on level 5 of the Dungeon.
             The game lasted 00:03:27 (581 turns).

PurpleRed the Sneak (Deep Elf Delver)                Turns: 581, Time: 00:03:28

Health: 0/22       AC:  4    Str:  9    XL:     3   Next: 21%
Magic:  10/10      EV: 12    Int: 16    God:    Vehumet [......]
Gold:   33         SH:  0    Dex: 16    Spells: 9/9 levels left

rFire   . . .        a - +0 short sword
rCold   . . .        (no shield)
rNeg    . . .        b - +0 leather armour
rPois   .            (no helmet)
rElec   .            (no cloak)
rCorr   .            i - +0 pair of gloves
SInv    .            (no boots)
Will    .....        (no amulet)
Stlth   +++          (no ring)
HPRegen 0.23/turn    (no ring)
MPRegen 0.12/turn

%: no passive effects
@: lethally poisoned (0 -> -2)
A: no striking features
a: Renounce Religion


You were on level 5 of the Dungeon.
You worshipped Vehumet.
Vehumet was noncommittal.
You visited 2 branches of the dungeon, and saw 4 of its levels.

You collected 33 gold pieces.

Inventory:

Hand Weapons
 a - a +0 short sword (weapon)
Armour
 b - a +0 leather armour (worn)
 i - a +0 pair of gloves (worn)
Wands
 g - a wand of digging (3)
Scrolls
 c - a scroll of fog
Potions
 f - a potion of haste


   Skills:
 - Level 2.4 Fighting
 - Level 2.0 Short Blades
 - Level 2.4 Dodging
 - Level 6.0 Stealth
 + Level 3.7 Spellcasting
 + Level 0.6 Conjurations


You had 9 spell levels left.
You didn't know any spells.
Your spell library was empty.

Dungeon Overview and Level Annotations

Branches:
Dungeon (6/15)             Temple (1/1) D:5

Altars:
Cheibriados
Dithmenos
Elyvilon
Fedhas
Gozag
Hepliaklqana
Kikubaaqudgha
Makhleb
Nemelex Xobeh
Qazlal
Ru
Sif Muna
Trog
Uskayaw
Vehumet
Wu Jian
Xom
Yredelemnul
Zin
The Shining One

Annotations:
D:6 Blork the orc, Pikel


Message History

The gnoll misses you.
You barely miss the gnoll.
The gnoll is severely wounded.
The gnoll hits you but does no damage.
You closely miss the gnoll.
The gnoll is severely wounded.
The gnoll hits you with a +0 club.
You hit the gnoll but do no damage.
The gnoll is severely wounded.
The gnoll hits you with a +0 club.
* * * LOW HITPOINT WARNING * * *
As you read the scroll of fear, it crumbles to dust.
You assume a fearsome visage.
The gnoll looks frightened! x3
As you read the scroll of revelation, it crumbles to dust.
You feel aware of your surroundings.
A kobold comes into view.
It is wielding a +0 club and quivering poisoned darts.
The kobold moves out of view.
An orc comes into view. It is wielding a +0 club.
The kobold throws a poisoned dart.
The poisoned dart hits you!
You are lethally poisoned!
There is a stone staircase leading down here.
* * * LOW HITPOINT WARNING * * *
You feel very sick.
You climb downwards.
You hear the sound of rushing water.
There is an entrance to a sewer on this level.
Hurry and find it before the portal rusts away!
* * * LOW HITPOINT WARNING * * *
You feel sick.
There is a stone staircase leading up here.
Okay, then.
As you read the scroll labelled PIPPUJ PUTAH, it crumbles to dust.
You feel a surge of unholy energy.
It was a scroll of torment.
* * * LOW HITPOINT WARNING * * *
You feel sick.
There is a lethal amount of poison in your body!
* * * LOW HITPOINT WARNING * * *
You feel sick.
* * * LOW HITPOINT WARNING * * *
You feel sick.
You die...

##########
#.@.......
#.######## # #.#
#.##.#####
#........#
####.###.# #
#########.# # #
.......>..##...#
# #######......#


There were no monsters in sight!

Vanquished Creatures
  An iguana (D:6)
  An adder (D:5)
  2 jackals (D:5)
4 creatures vanquished.

Notes
Turn   | Place    | Note
-------+----------+-------------------------------------------
     0 | D:5      | PurpleRed the Deep Elf Delver began the quest for the Orb.
     0 | D:5      | Reached XP level 1. HP: 13/13 MP: 3/3
    35 | D:6      | Noticed an iguana
    41 | D:6      | Killed an iguana
    42 | D:6      | Reached XP level 2. HP: 18/18 MP: 3/8
   386 | D:5      | Found a staircase to the Ecumenical Temple.
   391 | Temple   | Entered the Ecumenical Temple
   410 | Temple   | Became a worshipper of Vehumet
   448 | D:5      | Noticed a scorpion
   514 | D:5      | Reached XP level 3. HP: 16/22 MP: 10/10
   532 | D:6      | Noticed Pikel
   532 | D:6      | Noticed a lemure
   532 | D:6      | Noticed a lemure
   533 | D:6      | Noticed Blork the orc
   580 | D:5      | HP: 1/22 [poisoned by a kobold]
   581 | D:5      | Succumbed to a kobold's poison

Illustrated notes

Levels and vault maps discovered:
D:4:      layout_basic, gammafunk_ghost_necromancy, uniq_menkaure, uniq_duvessa
D:5:      layout_loops_ring, minmay_temple_entry_drinking_statues,
          gup_sewer_entry_spiral, ebering_ghost_sewer_f, uniq_prince_ribbit1,
          uniq_crazy_yiuf_cottage
D:6:      layout_basic, ebering_ghost_rock_garden, uniq_blork_the_orc,
          uniq_jeremiah, uniq_pikel, uniq_sigmund
Temple:   nicolae_temple_slightly_damp_pantheon

Skill      XL: |  1 |
---------------+----+-----
Spellcasting   | 3 |  3.7
Fighting       | |  2.4
Short Blades   | |  2.0
Dodging        | |  2.4
Stealth        | |  6.0
Conjurations   | |  0.6

Action                     || total
---------------------------++-------
  Melee: Short sword       ||    45
         Punch             ||     1
    Use: Scroll            ||     3
   Stab: Sleeping          ||     2
 Armour: Leather armour    ||    25
  Dodge: Dodged            ||    23

Table legend: (Time is in decaauts)
 A = Elapsed time spent in this place.
 B = Non-inter-level travel time spent in this place.
 C = Inter-level travel time spent in this place.
 D = Time resting spent in this place.
 E = Time spent auto-exploring this place.
 F = Levels seen in this place.
 G = Mean time per level.
                   A        B        C        D        E       F      G
               +--------+--------+--------+--------+--------+-----+--------+
         Total |    577 |    440 |    137 |      0 |      0 |   4 |  144.2 |
       Dungeon |    538 |    401 |    137 |      0 |      0 |   3 |  179.3 |
        Temple |     38 |     38 |      0 |      0 |      0 |   1 |   38.0 |
               +--------+--------+--------+--------+--------+-----+--------+

Top non-repeatable levels by time:
     D:6: 381 daAuts
     D:5: 125 daAuts
  Temple: 38 daAuts
     D:4: 32 daAuts
